Cogmind - Beta 13 @@@ ROGUE MODE // 2024.04.06 @ 17:41:14 Player: Salek Result: Destroyed by G-34 Mercenary with Small Laser Performance ------------- Evolutions (1) 500 Regions Visited (2) 400 Robots Destroyed (30) 150 Value Destroyed (717) 717 Prototype IDs (0) 0 Alien Tech Used (0) 0 Bonus (0) 0 TOTAL SCORE: 1767 Bonus ------- None Cogmind --------- Core Integrity 0/400 Matter 46/300 Energy 250/250 System Corruption 0% Temperature Cool (8) Movement Walking (260) Ox2 Location -9/Materials Parts ------- > --- POWER (1) -------- Ion Engine > --- PROPULSION (3) --- Aluminum Leg Aluminum Leg Aluminum Leg > --- UTILITY (3) ------ Huge Storage Unit Sensor Array Signal Interpreter > --- WEAPON (2) ------- Light Assault Rifle Heavy Assault Rifle > --- INVENTORY (25) --- Ion Engine Light Ion Engine Improved Ion Engine Improved Ion Engine Aluminum Leg Improved Aluminum Leg Hover Unit VTOL Module Large Storage Unit Huge Storage Unit Signal Interpreter Signal Interpreter Light Assault Rifle Peak State ------------ > --- POWER ------------ Ion Engine > --- PROPULSION ------- Improved Hover Unit Improved Hover Unit Improved Hover Unit > --- UTILITY ---------- Huge Storage Unit Sensor Array Signal Interpreter > --- WEAPON ----------- Light Assault Rifle Heavy Assault Rifle > --- INVENTORY -------- Ion Engine Light Ion Engine Improved Ion Engine Improved Ion Engine Aluminum Leg Aluminum Leg Aluminum Leg Aluminum Leg Improved Aluminum Leg Hover Unit VTOL Module Large Storage Unit Huge Storage Unit Signal Interpreter Signal Interpreter Light Assault Rifle [Rating: 15] Favorites ----------- Power Ion Engine Engine Ion Engine Propulsion Wheel Treads Light Treads Leg Improved Aluminum Leg Wheel Wheel Hover Unit Improved Hover Unit Flight Unit VTOL Module Utility Huge Storage Unit Device Sensor Array Storage Huge Storage Unit Processor Signal Interpreter Weapon Assault Rifle Ballistic Gun Assault Rifle Impact Weapon Flail Build | -11 -10 -9 ------- Run | Yrd Mat Mat Slots Evolved 2 | . . 2 Power . | . . . Propulsion 1 | . . 1 Utility 1 | . . 1 Weapon . | . . . Parts Attached 47 | 7 3 37 Power 2 | 1 . 1 Engine 2 | 1 . 1 Core . | . . . Reactor . | . . . Propulsion 31 | 2 2 27 Treads 5 | 2 . 3 Leg 14 | . . 14 Wheel 7 | . 2 5 Hover 4 | . . 4 Flight 1 | . . 1 Utility 5 | 1 1 3 Device 2 | . . 2 Storage 2 | 1 1 . Processor 1 | . . 1 Hackware . | . . . Protection . | . . . Artifact . | . . . Weapon 9 | 3 . 6 Energy Gun . | . . . Energy Cannon . | . . . Ballistic Gun 8 | 3 . 5 Ballistic Cannon . | . . . Launcher . | . . . Special Weapon . | . . . Impact Weapon 1 | . . 1 Slashing Weapon . | . . . Piercing Weapon . | . . . Special Melee Weapon . | . . . Unidentified Prototypes . | . . . Parts Lost 9 | . . 9 Power 1 | . . 1 Propulsion 5 | . . 5 Utility . | . . . Weapon 3 | . . 3 Highest Loss Streak 4 | . . 4 To Critical Strikes . | . . . Average Slot Usage (%) 93 | . 85 95 Engine 11 | . 14 10 Treads 10 | . 6 11 Leg 9 | . . 11 Wheel 10 | . 21 8 Device 8 | . . 10 Storage 11 | . 14 11 Processor 8 | . . 10 Ballistic Gun 19 | . 28 17 Impact Weapon 2 | . . 3 Naked Turns . | . . . Heaviest Build 91 | 14 89 91 Greatest Support 63 | 40 40 63 Greatest Overweight (x) 21 | . 4 21 Average Overweight (x) 1 | . 3 1 Largest Inventory Capacity 25 | 8 25 25 Average Capacity 23 | 5 23 25 Most Carried 23 | 5 9 23 Average Carried 14 | 2 5 16 Final Capacity 25 | 8 25 25 Final Carried 13 | 2 9 13 Class Distribution -------------------- 85% | Mutant 14% | Scavenger-Mutant Dominant Class ---------------- Mutant | -10/Materials Mutant | -9/Materials Resources | -11 -10 -9 ----------- Run | Yrd Mat Mat Matter Collected 790 | 250 122 418 Remotely . | . . . Salvage Created 1132 | . 222 910 Parts 55 | . 9 46 Haulers Intercepted 1 | . . 1 Recyclers Shooed 1 | . . 1 Parts Field Recycled . | . . . Retrieved Matter . | . . . Parts Self-Destructed . | . . . Prevented . | . . . Kills | -11 -10 -9 ------- Run | Yrd Mat Mat Combat Hostiles Destroyed 21 | . 3 18 Melee 2 | . . 2 Guns 17 | . 3 14 Classes Destroyed 7 | . 3 4 Worker 1 | . . 1 Hauler 1 | . . 1 Recycler 3 | . 1 2 Watcher 4 | . 1 3 Swarmer 7 | . . 7 Grunt 8 | . 3 5 Sentry 6 | . . 6 Best Kill Streak 8 | . 4 8 Combat Bots Only 4 | . 3 4 Max Kills in Single Turn 2 | . 1 2 Gunslinging 1 | . . 1 Exploded . | . . . Melee 1 | . . 1 Uniques/NPCs Destroyed . | . . . Combat | -11 -10 -9 -------- Run | Yrd Mat Mat Hostile Shots Fired 219 | . 14 205 Missed 55 | . 8 47 Damage Taken 2041 | . 69 1972 Core 416 | . 10 406 Absorbed by Shields . | . . . Regen/Repaired (Parts) 13 | . . 13 Core Remaining (%) 98 | 100 96 . Volleys Fired 79 | . 12 67 Largest 2 | . 2 2 Hottest 43 | . 40 43 Shots Fired 141 | . 24 117 Gun 141 | . 24 117 Cannon . | . . . Launcher . | . . . Special . | . . . Kinetic 141 | . 24 117 Thermal . | . . . Explosive . | . . . Electromagnetic . | . . . Robot Hit Streak 12 | . 10 12 Robot Miss Streak 3 | . 3 3 Penetration Max . | . . . Secondary Targets 4 | . 2 2 Max Gunslinging Chain 1 | . 1 1 Shots Hit Robots 104 | . 15 89 Core Hits 40 | . 7 33 Critical Kills . | . . . Critical Parts Destroyed 5 | . . 5 Critical Strikes 5 | . . 5 Destroy 2 | . . 2 Smash 3 | . . 3 Melee Attacks 22 | . . 22 Impact 22 | . . 22 Slashing . | . . . Piercing . | . . . Sneak Attacks 2 | . . 2 Combat Hostiles . | . . . Follow-up Attacks . | . . . Damage Inflicted 1713 | . 216 1497 Guns 1230 | . 216 1014 Cannons . | . . . Explosions . | . . . Melee 480 | . . 480 Ramming 3 | . . 3 Kinetic 1230 | . 216 1014 Thermal . | . . . Explosive . | . . . Electromagnetic . | . . . Impact 480 | . . 480 Slashing . | . . . Piercing . | . . . Highest Corruption . | . . . Average Corruption . | . . . Corruption Purged . | . . . Corruption Blocked . | . . . Overload Shots . | . . . Overflow Damage 163 | . . 163 Projectiles . | . . . Explosions . | . . . Melee 163 | . . 163 Knockbacks . | . . . Impact . | . . . Kinetic . | . . . Secondary . | . . . Self-Inflicted Damage . | . . . Shots . | . . . Rammed . | . . . Targets Rammed 1 | . . 1 Kicked 1 | . . 1 Crushed . | . . . Highest Temperature 17 | . . 17 Average Temperature 6 | . . 6 Received Heat Transfer 768 | . 36 732 Siege Activations . | . . . Robots Corrupted . | . . . Combat Hostiles . | . . . Parts Fried 5 | . . 5 Impact Corruptions 6 | . . 6 Robots Melted . | . . . Combat Hostiles . | . . . Parts Melted . | . . . Heat Transferred . | . . . Parts Sabotaged . | . . . Parts Stolen . | . . . Parts Stripped . | . . . Power Chain Reactions . | . . . Alert | -11 -10 -9 ------- Run | Yrd Mat Mat Peak Influence 270 | . 112 270 Initial 46 | . . 46 Average 85 | . 44 99 Maximum Alert Level 1 | . . 1 Low Security (%) 95 | 100 100 94 Level 1 4 | . . 5 Level 2 . | . . . Level 3 . | . . . Level 4 . | . . . Level 5 . | . . . High Security . | . . . Max Security . | . . . Squads Dispatched 3 | . 1 2 Investigation 1 | . 1 . Extermination . | . . . Reinforcement 2 | . . 2 Assault . | . . . Garrison . | . . . Intercept . | . . . Searches Triggered . | . . . Construction Impeded . | . . . Haulers Reinforced . | . . . Active Scanning Responses . | . . . Cargo Convoy Interrupts . | . . . Stealth | -11 -10 -9 --------- Run | Yrd Mat Mat Distress Signals 5 | . . 5 Communications Jammed . | . . . Distress Signals . | . . . Times Spotted 42 | . 5 37 Peak Tracking Total 5 | . 4 5 Tactical Retreats . | . . . Traps | -11 -10 -9 ------- Run | Yrd Mat Mat Traps Triggered 1 | . 1 . Indirectly . | . . . Trap Hack Attempts . | . . . Triggered . | . . . Disarmed . | . . . Reprogrammed . | . . . Reused . | . . . Traps Extracted . | . . . Installed . | . . . Triggered . | . . . Machines | -11 -10 -9 ---------- Run | Yrd Mat Mat Machines Disabled 2 | . . 2 Max in Single Turn 1 | . . 1 Machines Repaired . | . . . Machines Dismantled . | . . . Machines Sabotaged . | . . . Overloaded Fab Kills . | . . . Hacking | -11 -10 -9 --------- Run | Yrd Mat Mat Machines Accessed 7 | . 1 6 Terminals 4 | . 1 3 Fabricators . | . . . Repair Stations 1 | . . 1 Recycling Units 1 | . . 1 Scanalyzers 1 | . . 1 Garrison Access . | . . . Total Hacks 17 | . 1 16 Successful 15 | . 1 14 Failed 2 | . . 2 Catastrophic . | . . . Database Lockouts . | . . . Manual . | . . . Terminals 8 | . 1 7 Fabricators . | . . . Repair Stations 3 | . . 3 Recycling Units 2 | . . 2 Scanalyzers 4 | . . 4 Garrison Access . | . . . Terminal Hacks 7 | . 1 6 Record 1 | . 1 . Alert Level 1 | . . 1 Reinforcement Status 1 | . . 1 Recall Investigation 1 | . . 1 Hauler Manifests 1 | . . 1 Zone Layout 2 | . . 2 Fabricator Hacks . | . . . Repair Station Hacks 3 | . . 3 Scan Component 2 | . . 2 Repair 1 | . . 1 Recycling Unit Hacks 1 | . . 1 Retrieve Matter 1 | . . 1 Scanalyzer 4 | . . 4 Insert Component 2 | . . 2 Analyze 2 | . . 2 Garrison Access Hacks . | . . . Unauthorized Hacks . | . . . Terminals . | . . . Fabricators . | . . . Repair Stations . | . . . Recycling Units . | . . . Scanalyzers . | . . . Garrison Access . | . . . Data Cores Recovered . | . . . Used . | . . . Hacking Detections 5 | . . 5 Full Trace Events 1 | . . 1 Feedback Events . | . . . Feedback Blocked . | . . . Robot Schematics Acquired . | . . . Robots Built . | . . . Authchips . | . . . Time . | . . . Total Robot Build Rating . | . . . Part Schematics Acquired 2 | . . 2 Parts Built . | . . . Authchips . | . . . Time . | . . . Total Part Build Rating . | . . . Parts Repaired 1 | . . 1 Time 26 | . . 26 Parts Recycled . | . . . Recycled Matter . | . . . Retrieved Matter . | . . . Retrieved Components . | . . . Parts Scanalyzed 2 | . . 2 Part Schematics Acquired 2 | . . 2 Parts Damaged . | . . . Bothacking | -11 -10 -9 ------------ Run | Yrd Mat Mat Used RIF Installer . | . . . Robots Hacked . | . . . Non-combat . | . . . Combat . | . . . Robot Hacks Applied . | . . . Relay Couplers Released . | . . . Fabnet Peak Effective % . | . . . Robots Rewired . | . . . Allies Hacked . | . . . Hacks Repelled . | . . . Allies | -11 -10 -9 -------- Run | Yrd Mat Mat Total Allies . | . . . Largest Group . | . . . Highest-Rated Group . | . . . Highest-Rated Ally . | . . . Total Orders . | . . . Ally Attacks . | . . . Total Damage . | . . . Kills . | . . . Allies Corrupted . | . . . Allies Melted . | . . . Intel | -11 -10 -9 ------- Run | Yrd Mat Mat Robot Analysis Total . | . . . Derelict Logs Recovered . | . . . Drone Launches . | . . . Drone Recoveries . | . . . Exploration | -11 -10 -9 ------------- Run | Yrd Mat Mat Turns Passed 1913 | 112 290 1511 Spaces Moved 799 | 83 157 559 Core 32 | 32 . . Treads 277 | 51 26 200 Legs 132 | . . 132 Wheels 356 | . 131 225 Hover . | . . . Flight 2 | . . 2 Fastest Speed 50 | 50 140 110 Average Speed 181 | 117 154 198 Slowest Speed 1715 | 160 320 1715 Overloaded Moves . | . . . Propulsion Burnouts . | . . . Robots Hopped . | . . . Cave-ins Triggered . | . . . Exploration Rate (%) 28 | 5 28 51 Regions Visited 2 Branch Regions . Pre-discovered Areas . | . . . Known Exits Taken . | . . . Unknown Exits Taken 2 | 1 1 . Scrap Searched . | . . . Spaces Dug 4 | . . 4 Terrain Destroyed 4 | . . 4 Melee 4 | . . 4 Projectile . | . . . AOE . | . . . Terrain Rammed . | . . . Walls Destroyed . | . . . Machines Disabled . | . . . Actions | -11 -10 -9 --------- Run | Yrd Mat Mat Total 1086 | 97 180 809 Wait 87 | . . 87 Move 797 | 82 156 559 Hop . | . . . Pick Up 42 | 8 8 26 Fast Attach . | . . . Attach 28 | 6 1 21 Detach 1 | . . 1 Swap 19 | 1 2 16 Drop 10 | . 1 9 Fire 79 | . 12 67 Melee 22 | . . 22 Ram . | . . . Kick 1 | . . 1 Crush . | . . . Escape Stasis . | . . . Rewire . | . . . Trap . | . . . Miscellaneous . | . . . Route ------- -11/Scrapyard -10/Materials (discovered 2 exits: *Mat / [*Min]) -9/Materials (discovered 3 exits: [Mat] / *Min / *Sto) History --------- Turn | Location | Event 6 | -11/Scrapyard | Discovered new exit (range 16) 113 | -11/Scrapyard | Entered Materials 283 | -10/Materials | Discovered new exit (range 16) 315 | -10/Materials | Build established: Mutant 396 | -10/Materials | Discovered new exit (range 4) 403 | -10/Materials | Entered another Materials area 403 | -9/Materials | Evolved 2 slots: Propulsion x1, Utility x1 1067 | -9/Materials | Discovered new exit (range 7) 1081 | -9/Materials | Identified exit to Storage 1146 | -9/Materials | Discovered new exit (range 16) 1209 | -9/Materials | Discovered new exit (range 16) 1240 | -9/Materials | Identified exit to Mines 1320 | -9/Materials | Core integrity fell below 50% 1356 | -9/Materials | Lost 4 parts (2n2w) 1595 | -9/Materials | Core integrity fell below 20% 1641 | -9/Materials | Lost 3 parts (3n) 1701 | -9/Materials | Repaired Sensor Array 1914 | -9/Materials | Destroyed by G-34 Mercenary with Small Laser Last Messages --------------- 2x Terrain Scan Processor 1x Sensor Array 3x Cld. Ion Engine A-02 Transporter 6x Lgt. Treads A-02 Transporter 3x Cld. Ion Engine 3x Imp. Flight Unit (1 escort) K-01 Serf collects debris. T-07 Excavator is excavating. U-05 Engineer lays Concrete. K-01 Serf collects debris. T-07 Excavator is excavating. U-05 Engineer lays Concrete. R-06 Scavenger collects Ion Engine. T-07 Excavator is excavating. U-05 Engineer lays Concrete. R-06 Scavenger collects Heat Sink. K-01 Serf cleans the Atomic Centrifuge. Map ----- +----------------------------------------------------+ | ??????????????????????## ## "R" # "# | | ??????????????????###### ## """ # = "# ##+ | | ??????????????????# # ## # =[= "# ??? | | ??????????????????# # ######### = = "# ??? | | ??????????????????# # ############+#"""## ??? | | ??????????????????#== # +?? | | ??????????????????#=== # "#### #?? | | ??????????????????#== # """ ##??# #?? | | ??????????????????# + """ ###+####???? ??? | | ??????????????????# # """ #??????????????? | | ??????????????????# # #??????????????? | | ????????????############ #??????????????? | | ??????????? """ #??????????????? | | ??????????? """ #??????????????? | | ??????????? u """ #??????????????? | | ??????????? k #??????????????? | | ??????????? r #??????????????? | | ????????????############g """ #??????????????? | | ?????????????????????### "" #??????????????? | | ?????????????????????#"" "" #??????????????? | | ?????????????????????#"" +??????????????? | | ?????????????????#####"Tu #??????????????? | | ?????????????????# "" #??????????????? | | ???????????????#t "" #??????????????? | | ???????????????# u # l ! #??????????????? | | ???????????????# u @ #??????????????? | | ????????????????###### # "T" #??????????????? | | ?????????????????????#### #####% /o ???????????? | | ????????????????????????# #???# % # ?????????? | | ????????????????????????# #???# = #? ??????????? | | ????????????????????????# #???# #??###?????????? | | ????????????????????????#+#???# x#??????????????? | | ??????????????????????????????# #??????????????? | | ??????????????????????????????# #??????????????? | | ??????????????????????????????? +??????????????? | | ??????????????????????????????? #??????????????? | | ??????????????????????????????? #??????????????? | | ??????????????????????????????? #??????????????? | | ??????????????????????????????? ??????????????? | | ??????????????????????????????? ??????????????? | | ??????????????????????????????? ???????????????? | | ?????????????????????????????????????????????????? | | ?????????????????????????????????????????????????? | | ?????????????????????????????????????????????????? | | ?????????????????????????????????????????????????? | | ?????????????????????????????????????????????????? | | ?????????????????????????????????????????????????? | | | | | | | +----------------------------------------------------+ Best States ------------- Heat Dissipation 28 Energy Generation 10 Energy Capacity 250 Matter Stores 300 Matter Capacity 300 Sight Range 16 Robot Scan Range 14 Terrain Scan Density 10 Evasion (%) 50 Recoil Reduction 3 Item Schematics ----------------- Ion Engine | -9/Materials | Scanalyzed Huge Storage Unit | -9/Materials | Scanalyzed Robot Schematics ------------------ None Fabricated ------------ Nothing Alien Tech Used ----------------- None Achievements -------------- None Challenges ------------ None Game ------ Seed DiametricAngularMultitool Manual? 0 Play Time 00:15:32 Cumulative 3.4 hours Start 2024.04.06 @ 17:26:56 End 2024.04.06 @ 17:41:14 Sessions 1 Manual Loads 0 Difficulty Rogue Special Mode None Game No. 10 Rogue 10 Adventurer 0 Explorer 0 Win Type - Total 0 Types 0/0/0/0/0/0/0/0/0 Lore% 6 Gallery% 9 Achievement% 9 Wizard Run 0 Options --------- Layout 0 ASCII 0 Keyboard 0 Movement Mouse Keybinds 0 Fullscreen 1 Font 24/Smallcaps Map View 76x50 Zoom Use 0% Tactical HUD 0 Map Filters NONE Filters NONE Steam 1 RUN: c9bf740c-00f2-4914-bb0a-b0b78a8a97ef